 Dungeon Crawl Stone Soup version 0.21.0-24-g2553a33 (webtiles) character file.

218 Suckerboh the Firebug (level 5, -6/28 HPs)
             Began as a Deep Elf Fire Elementalist on Jan 20, 2018.
             Killed by nerve-wracking pain
             ... invoked by an orc priest
              (9 damage)
             ... on level 3 of the Dungeon.
             The game lasted 00:05:03 (2332 turns).

Suckerboh the Firebug (Deep Elf Fire Elementalist)  Turns: 2332, Time: 00:05:08

Health: -6/28      AC:  3    Str:  5    XL:     5   Next: 63%
Magic:  0/13       EV: 13    Int: 21    God:
Gold:   83         SH:  0    Dex: 15    Spells: 5/13 levels left

rFire    . . .     SeeInvis .   (no weapon)
rCold    . . .     Gourm    .   (no shield)
rNeg     . . .     Faith    .   a - +0 robe
rPois    .         Spirit   .   (no helmet)
rElec    .         Reflect  .   (no cloak)
rCorr    .         Harm     .   k - +0 pair of gloves
MR       .....                  (no boots)
Stlth    ++........             (no amulet)
HPRegen  0.09/turn              (no ring)
MPRegen  0.13/turn              (no ring)

@: no status effects
A: no striking features
a: no special abilities


You were on level 3 of the Dungeon.
You were not hungry.

You visited 1 branch of the dungeon, and saw 3 of its levels.

You collected 83 gold pieces.

Inventory:

Armour
 a - a +0 robe (worn)
 k - a +0 pair of gloves (worn)
Wands
 m - a wand of acid (10)
Scrolls
 d - 2 scrolls of blinking {unknown}
 e - 2 scrolls of fear {unknown}
 g - 4 scrolls of identify {unknown}
 i - 2 scrolls of fog {unknown}
 j - a scroll of immolation {unknown}
Potions
 f - a potion of lignification {unknown}
 h - 2 potions of flight {unknown}
 n - a potion of heal wounds {unknown}
 o - a potion of haste {unknown}
Books
 b - a book of Flames

   Spells                             Type                      Level
   a - Flame Tongue                   Conjuration/Fire             1
   b - Throw Flame                    Conjuration/Fire             2
   c - Conjure Flame                  Conjuration/Fire             3
   d - Inner Flame                    Hexes/Fire                   3
   e - Sticky Flame                   Conjuration/Fire             4
   f - Fireball                       Conjuration/Fire             5
Comestibles
 c - 5 rations
 l - 6 chunks of flesh


   Skills:
 + Level 0.3 Fighting
 + Level 2.7 Dodging
 - Level 2.4 Stealth
 + Level 4.5 Spellcasting
 * Level 3.9 Conjurations
 + Level 4.8 Fire Magic


You had 5 spell levels left.
You knew the following spells:

 Your Spells              Type           Power        Failure   Level  Hunger
a - Flame Tongue          Conj/Fire      ###..        1%          1    None
b - Conjure Flame         Conj/Fire      ###.....     5%          3    ##.....
c - Sticky Flame          Conj/Fire      ###.....     19%         4    ####...


Dungeon Overview and Level Annotations

Branches:
Dungeon (3/15)

Altars:

Annotations:
D:3 tidbits's ghost, weakling GnNe


Message History

Aiming: Flame Tongue
Press: ? - help, Shift-Dir - straight line, f/p - orc priest
Aim: an orc priest, wielding a hand axe and wearing a chain mail (moderately wounded)
The flame tongue hits the orc priest.
The orc priest appears unharmed.
The orc priest is moderately wounded.
The orc priest hits you with a hand axe.
* * * LOW HITPOINT WARNING * * *
The orc misses you.
Casting: Flame Tongue
Confirm with . or Enter, or press ? or * to list all spells.
Aiming: Sticky Flame
Press: ? - help, Shift-Dir - straight line, f/p - orc priest
Aim: an orc priest, wielding a hand axe and wearing a chain mail (moderately wounded)
The sticky flame hits the orc priest.
The orc priest is severely wounded.
The orc priest is covered in liquid flames!
The orc priest burns!
The orc priest invokes the aid of Beogh against you.
Pain shoots through your body!
You die...

#....###.###......
#######...#.# ####..#
##......##...# ....##
###.....÷..##..##..####
....!.......#...#.#
##......$...#.#...#
#..!.......#...###
###........##†.##
#...@....##...# #
......oo/..#.....##### #
......)..............###
............###........#
##8#........# ##..#..#.#
###........# ##.##.(..
.........# #.###.#.
..........# #.# #... #.#
###.


You could see an orc priest (burning) and an orc.

Vanquished Creatures
  3 orc wizards
  2 gnolls
  4 adders
  An ooze (D:1)
  3 worms
  2 dart slugs
  2 leopard geckos
  4 orcs
  4 giant cockroaches
  10 goblins
  3 hobgoblins
  7 kobolds
  A quokka (D:3)
  7 bats
  5 frilled lizards
  4 rats
62 creatures vanquished.

Notes
Turn   | Place    | Note
-------+----------+-------------------------------------------
     0 | D:1      | Suckerboh the Deep Elf Fire Elementalist began the quest for the Orb.
     0 | D:1      | Reached XP level 1. HP: 10/10 MP: 6/6
    88 | D:1      | Reached XP level 2. HP: 15/15 MP: 4/8
   669 | D:2      | Reached XP level 3. HP: 19/19 MP: 3/9
  1229 | D:2      | Reached XP level 4. HP: 24/24 MP: 7/11
  1410 | D:2      | Learned a level 3 spell: Conjure Flame
  1415 | D:2      | Learned a level 4 spell: Sticky Flame
  1767 | D:2      | Reached XP level 5. HP: 28/28 MP: 11/13
  1994 | D:3      | Noticed tidbits's ghost (weakling GnNe)
  2332 | D:3      | Killed from afar by an orc priest

Skill      XL: |  1  2  3  4 |
---------------+-------------+-----
Fire Magic     | 4 |  4.8
Conjurations   | 3 |  3.9
Spellcasting   | 4 |  4.5
Fighting       | |  0.3
Dodging        | |  2.7
Stealth        | |  2.4

Action                   |  1- 3 |  4- 6 || total
-------------------------+-------+-------++-------
Melee: Unarmed           |     2 |     2 ||     4
 Cast: Flame Tongue      |    71 |    56 ||   127
       Sticky Flame      |       |     1 ||     1
  Eat: Chunk             |     1 |     3 ||     4
Armor: Robe              |    12 |     6 ||    18
Dodge: Dodged            |    29 |    28 ||    57
